 Dungeon Crawl Stone Soup version 0.30-a0-1082-g70414cbcbb (webtiles) character file.

Game seed: 16974464260921656252

287063 LobsterGuardian the Slayer (level 19, -10/133 HPs)
             Began as a Minotaur Fighter on Apr 15, 2023.
             Was a Priest of Uskayaw.
             Collided with a rock wall (14 damage)
             ... caused by a wretched star
             ... on level 3 of the Abyss.
             The game lasted 01:47:01 (44289 turns).

LobsterGuardian the Slayer (Minotaur Fighter)      Turns: 44289, Time: 01:47:02

Health: -10/133    AC: 26    Str: 19    XL:     19   Next: 85%
Magic:  21/21      EV:  7    Int:  3    God:    Uskayaw [***...]
Gold:   3281       SH:  0    Dex: 26    Spells: 18/18 levels left

rFire   + . .      SeeInvis +    A - +6 demon blade (flame)
rCold   . . .      Faith    .    W - +2 tower shield {rPois}
rNeg    . . .      Spirit   .    O - +0 crystal plate armour of the Orb {rElec rPois Will+ Int+3}
rPois   +          Reflect  +    (helmet restricted)
rElec   +          Rampage  .    G - +2 cloak of Midsummer {rF+ Dex+3}
rCorr   .          Rage     9%   R - +2 pair of gloves
Will    ++...                    q - +1 pair of boots Stlth
                                 d - amulet of reflection
HPRegen 0.00/turn                j - ring of Shadows {Umbra +Inv Stlth+}
MPRegen 0.17/turn                U - +6 ring of dexterity

@: confused, ambrosia-drunk, on berserk cooldown, sick, inhibited regen, slowed,
wreathed by umbra, unable to read, very slow
A: horns 2, retaliatory headbutt, see invisible, agile 1, frail 3, weak 1,
[berserk 2], [clumsy 2], [deformed body], [deterioration 2], [dopey 2], [low MP
3], [screaming 2], [inhibited regeneration], ([teleportitis 2]), inability to
read after injury 1[+1]
}: 2/15 runes: serpentine, barnacled
a: Renounce Religion, Evoke Invisibility, Stomp, Line Pass


You were on level 3 of the Abyss.
You worshipped Uskayaw.
Uskayaw was most pleased with you.
You visited 7 branches of the dungeon, and saw 36 of its levels.
You visited the Abyss 1 time.
You also visited: Ossuary and Gauntlet.

You collected 3712 gold pieces.
You spent 431 gold pieces at shops.

Inventory:

Hand Weapons
 A - a +6 demon blade of flaming (weapon)
Missiles
 p - a throwing net
 J - 3 datura-tipped darts
Armour
 q - a +1 pair of boots (worn)
 G - the +2 cloak of Midsummer (worn) {rF+ Dex+3}
   (You found it in a Gauntlet)

   Dex:       It affects your dexterity (+3).
   rF:        It protects you from fire.
 O - the +0 crystal plate armour of the Orb (worn) {rElec rPois Will+ Int+3}
   (You acquired it on level 2 of the Lair of Beasts)

   Int:       It affects your intelligence (+3).
   rElec:     It insulates you from electricity.
   rPois:     It protects you from poison.
   Will:      It increases your willpower.
 R - a +2 pair of gloves (worn)
 W - a +2 tower shield of poison resistance (worn)
Jewellery
 d - an amulet of reflection (around neck)
 e - the ring "Efiomuinol" {Fly Int+3}
   (You bought it in a shop on level 2 of the Orcish Mines)

   [ring of flight]

   Int:       It affects your intelligence (+3).
   Fly:       It grants you flight.
 j - the ring of Shadows (left hand) {Umbra +Inv Stlth+}
   (You found it in a Gauntlet)

   [ring of stealth]

   Umbra:     It surrounds you with an aura of shadow, increasing your stealth
   and reducing the accuracy of all others within it.
   +Inv:      It lets you turn invisible.
   Stlth:     It makes you more stealthy.
 x - a ring of willpower
 B - an amulet of faith
 F - a ring of protection from cold
 H - a ring of poison resistance
 U - a +6 ring of dexterity (right hand)
Wands
 f - a wand of polymorph (11)
 h - a wand of flame (7) (quivered)
 r - a wand of charming (24)
 v - a wand of roots (38)
 y - a wand of digging (8)
 I - a wand of acid (14)
 Z - a wand of mindburst (1)
Scrolls
 a - 18 scrolls of identify
 c - a scroll of fog
 l - 3 scrolls of silence
 m - 8 scrolls of teleportation
 n - 3 scrolls of poison
 o - 11 scrolls of vulnerability
 s - 2 scrolls of enchant weapon
 t - a scroll of butterflies
 z - 3 scrolls of brand weapon
 L - 7 scrolls of fear
 N - 5 scrolls of magic mapping
 P - 3 scrolls of amnesia
 X - 2 scrolls of enchant armour
Potions
 b - 3 potions of magic
 g - 10 potions of flight
 i - 15 potions of curing
 k - 4 potions of lignification
 u - 4 potions of cancellation
 w - 7 potions of attraction
 E - 9 potions of brilliance
 V - a potion of resistance


   Skills:
 * Level 21.5 Fighting
 - Level 14.0 Long Blades
 + Level 1.4 Throwing
 + Level 15.1 Armour
 + Level 8.0 Dodging
 + Level 12.9 Stealth
 + Level 17.3 Shields
 * Level 18.5 Invocations
 + Level 2.1 Evocations


You had 18 spell levels left.
You didn't know any spells.
Your spell library contained the following spells:

 Spells                   Type           Power      Damage    Failure   Level
 Magic Dart               Conj           0%         1d3       100%        1
 Sting                    Tmut/Pois      0%         1d3       100%        1
 Call Imp                 Summ           0%         N/A       100%        2
 Cigotuvi's Dreadful Rot  Necr/Pois/Air  0%         N/A       100%        2
 Poisonous Vapours        Pois/Air       0%         N/A       100%        2
 Scorch                   Fire           0%         2d5       100%        2
 Sublimation of Blood     Necr           0%         N/A       100%        2
 Gell's Gravitas          Tloc           0%         N/A       100%        3
 Ignite Poison            Fire/Tmut/Pois 0%         N/A       100%        3
 Inner Flame              Hex/Fire       0%         N/A       100%        3
 Mephitic Cloud           Conj/Pois/Air  0%         N/A       100%        3
 Teleport Other           Tloc           0%         N/A       100%        3
 Vhi's Electric Charge    Tloc/Air       0%         N/A       100%        3
 Animate Armour           Summ/Erth      0%         N/A       100%        4
 Flame Wave               Conj/Fire      0%         2d4       100%        4
 Olgreb's Toxic Radiance  Pois           0%         N/A       100%        4
 Petrify                  Tmut/Erth      0%         N/A       100%        4
 Alistair's Intoxication  Tmut/Pois      0%         N/A       100%        5
 Arcjolt                  Conj/Air       0%         1d10      100%        5
 Blade Hands              Tmut           0%         N/A       100%        5
 Borgnjor's Vile Clutch   Necr/Erth      0%         N/A       100%        5
 Freezing Cloud           Conj/Ice/Air   0%         6-21      100%        5
 Irradiate                Conj/Tmut      0%         3d11      100%        5
 Iskenderun's Battlesphe  Conj           0%         2d6       100%        5
 Yara's Violent Unravell  Hex/Tmut       0%         3d3       100%        5
 Dispersal                Tloc           0%         N/A       100%        6
 Eringya's Noxious Bog    Tmut/Pois      0%         N/A       100%        6
 Iron Shot                Conj/Erth      0%         9d1       100%        6
 Summon Cactus Giant      Summ           0%         N/A       100%        6
 Dragon Form              Tmut           0%         N/A       100%        7
 Enfeeble                 Hex            0%         N/A       100%        7
 Spellforged Servitor     Conj/Summ      0%         N/A       100%        7
 Maxwell's Capacitive Co  Air            0%         ∞         100%        8


Dungeon Overview and Level Annotations

Branches:
Dungeon (15/15)            Temple (0/1) D:7            Lair (5/5) D:10
 Shoals (4/4) Lair:3        Snake (4/4) Lair:2        Slime (5/5) Lair:4
    Orc (2/2) D:10            Elf (0/3) Orc:2        Vaults (1/5) D:14
 Depths (0/4) D:15        Ossuary (visited)         Gauntlet (visited)

Altars:
Ashenzari
Cheibriados
Dithmenos
Elyvilon
Fedhas
Gozag
Kikubaaqudgha
Makhleb
Nemelex Xobeh
Okawaru
Qazlal
Uskayaw
Vehumet
Yredelemnul

Shops:
D:10 !   Orc:1 [   Orc:2 (((?:**!   Shoals:3 !   Snake:4 [

Portals:
Pandemonium: Orc:2


Innate Abilities, Weirdness & Mutations

You have a pair of horns on your head.
You reflexively headbutt those who attack you in melee.
You have supernaturally acute eyesight. (SInv)
You are agile. (Dex +4, Str/Int -1)
You are extremely frail. (-30% HP)
You are weak. (Str -2)
[You have an uncontrollable temper.]
[You are very clumsy. (Dex -4)]
[Armour fits poorly on your strangely shaped body.]
[Your body often deteriorates upon taking damage.]
[You are very dopey. (Int -4)]
[Your magical capacity is extremely low. (-30% MP)]
[You frequently scream uncontrollably at your foes.]
[You do not regenerate when monsters are visible.]
[((You are often teleported next to monsters.))]
[You sometimes lose the ability to read scrolls when taking damage.]


Message History

You block the ancient zyme's attack. The ancient zyme closely misses you.
You hit the ancient zyme but do no damage.
The ancient zyme is almost destroyed.
You block the ancient zyme's attack. The ancient zyme hits you.
* * * LOW HITPOINT WARNING * * *
You hit the ancient zyme. You burn the ancient zyme.
You destroy the ancient zyme!
The wretched star pulses with an eldritch light!
You feel less energetic.
Unknown command.
You slash the wretched star! You burn the wretched star.
You headbutt the wretched star, but do no damage.
The wretched star is moderately damaged.
The wretched star pulses with an eldritch light!
You feel clumsy. x2
Uskayaw will force your foes to helplessly watch your dance.
Unknown command.
You closely miss the wretched star.
The wretched star is moderately damaged.
The wretched star glows turbulently.
The lance of force hits you!
* * * LOW HITPOINT WARNING * * *
You are knocked back by the lance of force.
You slam into the rock wall!
* * * LOW HITPOINT WARNING * * *
You feel better.
The wretched star glows turbulently.
The lance of force hits you!
You feel threatened and lose the ability to read scrolls!
* * * LOW HITPOINT WARNING * * *
You are knocked back by the lance of force.
You slam into the rock wall!
You are confused.
You feel invigorated.
The wretched star glows turbulently.
The lance of force hits you!
* * * LOW HITPOINT WARNING * * *
You are knocked back by the lance of force.
You slam into the rock wall!
You die...

## ..# # .##
####... # #@#
... # .
#.#.*....#....
. .#.#....#
..# .# .
...........#..
# ~
##...#⌠.....##
~ ..
###.#...#. ♣
#. ## .....
##....... .
#.#.## #


You could see a wretched star.

Vanquished Creatures
  Vashnia (Snake:4)
  Nikola (Snake:4)
  A kraken (Shoals:4)
  6 acid blobs
  Kirke (D:15)
  4 azure jellies
  A fenstrider witch (Shoals:1)
  5 rockslimes
  2 frost giants
  4 nagarajas (Snake:4)
  3 vault wardens (Vaults:1)
  Louise (Snake:1)
  An iron dragon (Vaults:1)
  2 quicksilver oozes (Slime:1)
  3 ironbound preservers (Vaults:1)
  A stone giant (Vaults:1)
  3 ironbound thunderhulks (Vaults:1)
  2 very ugly things (Vaults:1)
  Nessos (D:14)
  A minotaur (Gauntlet)
  11 dire elephants (Vaults:1)
  3 merfolk javelineers
  Josephine (D:11)
  A deep elf high priest (Vaults:1)
  2 entropy weavers
  4 great orbs of eyes
  7 merfolk impalers
  4 yaktaur captains (Vaults:1)
  A rakshasa (D:15)
  4 salamander tyrants
  2 catoblepae
  3 merfolk avatars
  14 anacondas
  5 merfolk aquamancers
  A hydra (Lair:5)
  7 centaur warriors
  2 two-headed ogres
  9 boulder beetles
  3 demonspawn (Orc:2)
  13 naga warriors
  2 alligator snapping turtles
  2 tengu warriors (D:14)
  3 ironbound frosthearts (Vaults:1)
  A thrashing horror (Abyss:3)
  5 satyrs
  4 hell hogs (Abyss:3)
  3 orc high priests (Orc:2)
  7 shock serpents
  7 death yaks
  Urug (D:14)
  8 naga sharpshooters
  Amaemon (D:9)
  2 sun demons
  A soul eater (D:15)
  9 skysharks
  7 sea snakes
  5 salamander mystics
  A wretched star (Abyss:3)
  4 deep trolls (Vaults:1)
  Lodul (D:11)
  3 sixfirhies
  7 naga ritualists
  3 skeletal warriors (D:15)
  A steelbarb worm (shapeshifter) (D:15)
  68 slime creatures
  2 ironbound convokers (Vaults:1)
  A lindwurm (Vaults:1)
  3 swamp dragons (Abyss:3)
  9 harpies
  Pikel (D:8)
  9 orc sorcerers (Orc:2)
  6 shining eyes
  21 ugly things
  5 deep elf pyromancers
  10 mana vipers
  8 orc knights
  5 cyclopes
  9 manticores
  36 fauns
  12 salamanders
  A worldbinder (Abyss:3)
  37 black mambas
  19 naga magi
  Joseph (D:7)
  6 guardian serpents
  A rust devil (D:15)
  Maurice (D:8)
  8 water nymphs
  12 merfolk sirens
  2 torpor snails
  3 elephants (Lair:3)
  An ice statue (D:14)
  2 eyes of devastation
  A smoke demon (Orc:2)
  5 vault sentinels (Vaults:1)
  An orange demon (D:9)
  Maggie (D:8)
  An unseen horror (D:10)
  15 cane toads
  3 yaktaurs (Vaults:1)
  3 freezing wraiths
  An efreet (D:13)
  10 komodo dragons
  8 rime drakes
  A tengu conjurer (D:14)
  An anaconda simulacrum (Abyss:3)
  2 golden dragon simulacra (D:14)
  3 ice devils
  2 ancient zymes (Abyss:3)
  4 red devils
  25 merfolk
  10 trolls
  5 large abominations (Abyss:3)
  A queen bee (Gauntlet)
  15 polar bears
  11 wind drakes
  3 hellwings (D:15)
  A hornet (D:9)
  13 blink frogs
  12 dream sheep
  3 raiju (Lair:5)
  7 snapping turtles
  A culicivora (shapeshifter) (D:15)
  Sigmund (D:6)
  4 shadows
  A ynoxinul (D:15)
  7 water elementals
  45 yaks
  3 wyverns
  5 basilisks
  4 hogs (D:15)
  16 humans (D:14)
  8 wraiths
  Grum (D:8)
  A steam dragon (Lair:2)
  3 chaos spawn (D:15)
  3 neqoxecs
  A minotaur simulacrum (D:14)
  Menkaure (D:7)
  3 redbacks (Vaults:1)
  A harpy simulacrum (D:14)
  14 vampire mosquitoes
  Edmund (D:6)
  10 wargs
  32 nagas
  13 water moccasins
  14 hell hounds (Lair:5)
  12 black bears
  Duvessa (D:6)
  33 orc warriors
  2 ice beasts (D:7)
  14 ogres
  2 sky beasts
  19 wolves
  An ettin simulacrum (D:14)
  4 boggarts (D:14)
  14 centaurs
  A lemure (D:8)
  A phantom (D:4)
  3 kobold brigands
  17 bullfrogs
  A wyvern zombie (Ossuary)
  A deep troll simulacrum (D:14)
  A scorpion (D:5)
  3 water moccasin zombies (Ossuary)
  Dowan (D:6)
  12 killer bees
  A howler monkey (D:10)
  2 bullfrog zombies (Ossuary)
  3 centaur zombies (Ossuary)
  3 hounds (D:6)
  Crazy Yiuf (D:3)
  6 jellies
  24 orc priests
  2 gnoll boudas (D:8)
  Jessica (D:2)
  Terence (D:3)
  6 iguanas
  Natasha (thrice) (D:2)
  24 orc wizards
  5 killer bee zombies (Ossuary)
  14 mummies (Ossuary)
  4 howler monkey zombies (Ossuary)
  7 gnolls (D:8)
  11 adders
  A white imp (D:8)
  4 worms
  2 dart slugs
  68 orcs
  6 ball pythons
  5 endoplasms
  4 giant cockroaches
  2 gnoll zombies (D:8)
  8 goblins
  8 hobgoblins
  2 jackals (D:4)
  3 quokkas
  7 bats
  2 frilled lizards
  2 jackal zombies (D:8)
  15 kobolds
  5 rats
  A bush (D:10)
  3 tentacles (Shoals:4)
1298 creatures vanquished.

Vanquished Creatures (collateral kills)
  A salamander (Snake:4)
  2 nagas (Snake:4)
3 creatures vanquished.

Vanquished Creatures (others)
  A naga warrior (Snake:4)
  A mana viper (Snake:2)
  A guardian serpent (Snake:4)
  A naga mage (Snake:4)
  A water elemental (Shoals:1)
  3 nagas (Snake:4)
  A gnoll (D:8)
  12 demonic plants
  16 fungi
  65 plants
  13 tentacles (Shoals:4)
  22 withered plants (Gauntlet)
137 creatures vanquished.

Grand Total: 1438 creatures vanquished

Notes
Turn   | Place    | Note
-------+----------+-------------------------------------------
     0 | D:1      | LobsterGuardian the Minotaur Fighter began the quest for
                  | the Orb.
     0 | D:1      | Reached XP level 1. HP: 19/19 MP: 0/0
   216 | D:1      | Reached XP level 2. HP: 27/27 MP: 1/1
   664 | D:2      | Reached XP level 3. HP: 33/33 MP: 2/2
   718 | D:2      | Noticed Natasha
   731 | D:2      | Killed Natasha
   732 | D:2      | Reached skill level 4 in Fighting
  1040 | D:2      | Noticed Natasha
  1046 | D:2      | Killed Natasha
  1047 | D:2      | Reached XP level 4. HP: 35/40 MP: 3/3
  1081 | D:2      | Found a faded altar of an unknown god.
  1376 | D:2      | Noticed Jessica
  1381 | D:2      | Killed Jessica
  1549 | D:2      | Noticed Natasha
  1557 | D:2      | Killed Natasha
  1558 | D:2      | Reached skill level 5 in Long Blades
  1558 | D:2      | Reached XP level 5. HP: 46/46 MP: 4/4
  1770 | D:3      | Found a runed translucent door.
  1771 | D:3      | Noticed Crazy Yiuf
  1820 | D:3      | Found a basalt altar of Yredelemnul.
  1918 | D:3      | Found a hide-covered altar of Uskayaw.
  1980 | D:3      | Became a worshipper of Uskayaw the Reveller
  2024 | D:3      | Noticed Terence
  2027 | D:3      | Reached * piety under Uskayaw
  2034 | D:3      | Killed Terence
  2100 | D:3      | Reached ** piety under Uskayaw
  2173 | D:3      | Reached XP level 6. HP: 30/52 MP: 5/5
  2460 | D:3      | Killed Crazy Yiuf
  2609 | D:4      | Reached skill level 8 in Fighting
  2609 | D:4      | Reached XP level 7. HP: 68/68 MP: 5/11
  2759 | D:4      | Reached *** piety under Uskayaw
  3132 | D:5      | Entered Level 5 of the Dungeon
  3217 | D:5      | Reached **** piety under Uskayaw
  3218 | D:5      | Reached XP level 8. HP: 41/74 MP: 11/13
  3598 | D:5      | Reached skill level 10 in Long Blades
  3746 | D:5      | Found an ancient bone altar of Kikubaaqudgha.
  4302 | D:5      | Found a snail-covered altar of Cheibriados.
  4398 | D:6      | Reached skill level 5 in Armour
  4522 | D:6      | Noticed Duvessa
  4523 | D:6      | Noticed Dowan
  4533 | D:6      | Killed Duvessa
  4547 | D:6      | Killed Dowan
  4688 | D:6      | Reached XP level 9. HP: 81/82 MP: 14/14
  4724 | D:6      | Noticed Sigmund
  4734 | D:6      | Killed Sigmund
  4757 | D:6      | Noticed Edmund
  4764 | D:6      | Killed Edmund
  4942 | D:6      | Identified the staff of fire "Odearis" {rElec rF+}
  5222 | D:7      | Noticed Joseph
  5223 | D:7      | Noticed Menkaure
  5238 | D:7      | Killed Menkaure
  5255 | D:7      | Killed Joseph
  5395 | D:7      | Found a staircase to the Ecumenical Temple.
  5427 | D:7      | Found an opulent altar of Gozag.
  5821 | D:7      | Reached skill level 5 in Shields
  6314 | D:8      | Reached ***** piety under Uskayaw
  6325 | D:8      | Identified the +5 trident of Amungips {drain, rElec Int+5}
  6354 | D:8      | Noticed Grum
  6358 | D:8      | Reached XP level 10. HP: 90/90 MP: 15/15
  6364 | D:8      | Killed Grum
  6377 | D:8      | Noticed Maggie
  6385 | D:8      | Gained mutation: [You are dopey. (Int -2)] [potion of
                  | mutation]
  6403 | D:8      | Killed Maggie
  6620 | D:8      | Found a sand-covered staircase.
  6640 | Ossuary  | Entered an ossuary
  6716 | Ossuary  | Reached skill level 9 in Fighting
  6752 | Ossuary  | Reached ****** piety under Uskayaw
  7190 | D:8      | Noticed Maurice
  7210 | D:8      | Killed Maurice
  7369 | D:8      | Noticed Pikel
  7378 | D:8      | Killed Pikel
  7499 | D:8      | Found a stormy altar of Qazlal.
  7504 | D:8      | Identified a scroll of acquirement
  7505 | D:8      | Acquired a +2 demon blade of pain
  8061 | D:9      | Noticed an orange demon
  8062 | D:9      | Noticed Amaemon
  8225 | D:10     | Entered Level 10 of the Dungeon
  8270 | D:10     | Found a staircase to the Lair.
  8359 | D:10     | Noticed a cyclops
  8371 | D:10     | Killed a cyclops
  8498 | D:10     | Found a staircase to the Orcish Mines.
  8524 | D:10     | Reached XP level 11. HP: 82/97 MP: 16/16
  8586 | D:10     | Found Xusuwner's Distillery.
  8807 | D:10     | Found a blossoming altar of Fedhas.
  9310 | D:10     | Noticed a two-headed ogre
  9318 | D:10     | Killed a two-headed ogre
  9402 | D:11     | Found a gate leading to a gauntlet.
  9413 | Gauntlet | Entered a Gauntlet
  9413 | Gauntlet | Found a transporter.
  9413 | Gauntlet | Found a transporter.
  9420 | Gauntlet | Found a transporter.
  9420 | Gauntlet | Found a transporter.
  9429 | Gauntlet | Found a transporter.
  9448 | Gauntlet | Found a transporter.
  9458 | Gauntlet | Found a transporter.
  9458 | Gauntlet | Found a transporter.
  9462 | Gauntlet | Noticed a fire crab
  9482 | Gauntlet | Found a transporter.
  9485 | Gauntlet | Found the ring of Shadows {Umbra +Inv Stlth+}
  9489 | Gauntlet | Found a transporter.
  9503 | Gauntlet | Found a transporter.
  9523 | Gauntlet | Found a transporter.
  9562 | Gauntlet | Found a transporter.
  9569 | Gauntlet | Noticed a soul eater
  9576 | Gauntlet | Found a transporter.
  9676 | Gauntlet | Found a transporter.
  9692 | Gauntlet | Found a transporter.
  9692 | Gauntlet | Noticed a wizard
  9782 | Gauntlet | Identified the +2 chain mail "Borausk" {Will- Regen+ Int+5}
  9978 | Gauntlet | Reached skill level 10 in Fighting
 10035 | Gauntlet | Identified the +2 cloak of Midsummer {rF+ Dex+3}
 10066 | Gauntlet | Noticed a minotaur
 10085 | Gauntlet | Killed a minotaur
 10086 | Gauntlet | Reached skill level 1 in Stealth
 10584 | D:11     | Noticed Lodul
 10596 | D:11     | Killed Lodul
 10597 | D:11     | Reached skill level 10 in Invocations
 10817 | D:11     | Noticed a boulder beetle
 10825 | D:11     | Killed a boulder beetle
 11004 | D:11     | Noticed Josephine
 11180 | D:11     | Killed Josephine
 11193 | D:11     | Reached XP level 12. HP: 100/108 MP: 18/18
 11591 | D:12     | Noticed a boulder beetle
 11612 | D:12     | Killed a boulder beetle
 11709 | D:12     | Reached skill level 11 in Fighting
 12091 | D:13     | Noticed a boulder beetle
 12109 | D:13     | Killed a boulder beetle
 12185 | D:13     | Found a shadowy altar of Dithmenos.
 12226 | D:13     | Noticed a centaur warrior
 12233 | D:13     | Killed a centaur warrior
 12373 | D:13     | Noticed a centaur warrior
 12381 | D:13     | Killed a centaur warrior
 12393 | D:13     | Noticed a centaur warrior
 12405 | D:13     | Killed a centaur warrior
 12547 | D:13     | Reached skill level 5 in Stealth
 12895 | D:14     | Noticed a two-headed ogre
 12895 | D:14     | Noticed Urug
 12895 | D:14     | Noticed Nessos
 12895 | D:14     | Noticed a tengu warrior
 12895 | D:14     | Found a gate to the Vaults.
 12896 | D:14     | Noticed a boulder beetle
 12899 | D:14     | Killed a two-headed ogre
 12899 | D:14     | Killed Urug
 12899 | D:14     | Killed a tengu warrior
 12899 | D:14     | Noticed a catoblepas
 12900 | D:14     | Reached skill level 12 in Fighting
 12900 | D:14     | Reached XP level 13. HP: 15/119 MP: 20/20
 13105 | D:9      | Found a burning altar of Makhleb.
 13273 | D:9      | Found a white marble altar of Elyvilon.
 13334 | D:9      | Found an iron altar of Okawaru.
 13386 | D:9      | Killed Amaemon
 13524 | D:9      | Found a sparkling altar of Nemelex Xobeh.
 13524 | D:9      | Found a broken altar of Ashenzari.
 13730 | Lair:1   | Entered Level 1 of the Lair of Beasts
 14876 | Lair:2   | Found a staircase to the Snake Pit.
 14888 | Lair:2   | Reached skill level 13 in Fighting
 15529 | Lair:2   | Acquired the +0 crystal plate armour of the Orb {rElec
                  | rPois Will+ Int+3}
 16176 | Lair:3   | Reached skill level 10 in Armour
 16826 | Lair:4   | Reached skill level 14 in Fighting
 16826 | Lair:4   | Reached XP level 14. HP: 103/132 MP: 22/22
 16900 | Lair:4   | Found a staircase to the Slime Pits.
 17993 | Lair:5   | Entered Level 5 of the Lair of Beasts
 18692 | Lair:5   | Reached skill level 15 in Fighting
 19456 | Lair:5   | Lost mutation: [You are dopey. (Int -2)] [potion of
                  | mutation]
 19456 | Lair:5   | Gained mutation: You are agile. (Dex +4, Str/Int -1)
                  | [potion of mutation]
 19456 | Lair:5   | Gained mutation: You have supernaturally acute eyesight.
                  | (SInv) [potion of mutation]
 19456 | Lair:5   | Gained mutation: Your mind is acute. (Int +4, Str/Dex -1)
                  | [potion of mutation]
 20000 | D:14     | Killed Nessos
 20014 | D:14     | Reached skill level 1 in Evocations
 20034 | D:14     | Reached XP level 15. HP: 74/143 MP: 18/24
 20472 | D:14     | Noticed a frost giant
 20482 | D:14     | Killed a frost giant
 20825 | D:14     | Reached skill level 16 in Fighting
 20957 | D:14     | Found a radiant altar of Vehumet.
 21137 | D:14     | Identified the +0 dire flail of Midda {heavy, SInv}
 21553 | D:15     | Entered Level 15 of the Dungeon
 22533 | D:15     | Found a staircase to the Depths.
 22642 | D:15     | Noticed Kirke
 22655 | D:15     | Killed Kirke
 23932 | Snake:1  | Entered Level 1 of the Snake Pit
 24039 | Snake:1  | Reached skill level 17 in Fighting
 24051 | Snake:1  | Noticed Louise
 24068 | Snake:1  | Killed Louise
 24453 | Snake:1  | Reached skill level 10 in Shields
 24508 | Snake:1  | Reached XP level 16. HP: 148/155 MP: 26/26
 24598 | Snake:1  | Identified the +9 dire flail of the Moon {pain, rC- rN+
                  | Will+ Str+5}
 24962 | Snake:2  | Reached skill level 15 in Invocations
 25628 | Snake:2  | Reached skill level 10 in Stealth
 27707 | Snake:3  | Reached skill level 18 in Fighting
 27770 | Snake:4  | Entered Level 4 of the Snake Pit
 28810 | Snake:4  | Noticed Nikola
 28829 | Snake:4  | Killed Nikola
 28997 | Snake:4  | Reached skill level 1 in Throwing
 29010 | Snake:4  | Reached XP level 17. HP: 141/166 MP: 22/27
 29466 | Snake:4  | Noticed Vashnia
 29475 | Snake:4  | Killed Vashnia
 30145 | Snake:4  | Got a serpentine rune of Zot
 30486 | Snake:4  | Found Onner's Armour Shoppe.
 30927 | Shoals:1 | Entered Level 1 of the Shoals
 31131 | Shoals:1 | Reached skill level 19 in Fighting
 31645 | Shoals:1 | You fall into a shaft and drop 1 floor!
 33827 | Shoals:2 | Identified the +4 falchion of Grand Offence {freeze, *Rage
                  | rCorr Int+2 Stlth+}
 33840 | Shoals:2 | Reached XP level 18. HP: 176/176 MP: 29/29
 35206 | Shoals:3 | Found Xarphock's Distillery.
 35338 | Shoals:3 | Reached skill level 15 in Shields
 35682 | Shoals:4 | Entered Level 4 of the Shoals
 35800 | Shoals:4 | Identified the +1 mace of Luhaoggi {venom, rF+ rC+ rCorr}
 36429 | Shoals:4 | Reached skill level 20 in Fighting
 37055 | Shoals:4 | Got a barnacled rune of Zot
 37263 | Shoals:4 | Identified the +2 robe of Narcissism {Str+7}
 38013 | Orc:1    | Entered Level 1 of the Orcish Mines
 38028 | Orc:1    | Found Ilein's Antique Armour Shoppe.
 38379 | Orc:2    | Entered Level 2 of the Orcish Mines
 38379 | Orc:2    | Found Eptuisin's Jewellery Boutique.
 38443 | Orc:2    | Found Sioreastu's Distillery.
 38618 | Orc:2    | Found Difiletz's General Store.
 38673 | Orc:2    | Found Gygaots's General Store.
 38695 | Orc:2    | Found Atel's Magic Scroll Emporium.
 38830 | Orc:2    | Gained mutation: You are frail. (-10% HP) [a neqoxec]
 38998 | Orc:2    | Bought the ring "Efiomuinol" {Fly Int+3} for 431 gold
                  | pieces
 39067 | Orc:2    | Found a staircase to the Elven Halls.
 39090 | Orc:2    | Found Vojipaowot's Weapon Boutique.
 39288 | Orc:2    | Found Ucvo's Weapon Shoppe.
 39427 | Orc:2    | Found Ynusmuj's Book Shop.
 39427 | Orc:2    | Found Bong's Antique Weapon Boutique.
 39427 | Orc:2    | Found a one-way gate leading to the halls of Pandemonium.
 39571 | Slime:1  | Entered Level 1 of the Pits of Slime
 39860 | Slime:1  | Gained mutation: You are weak. (Str -2) [a shining eye]
 40387 | Slime:2  | Reached XP level 19. HP: 161/168 MP: 30/30
 41366 | Slime:4  | Lost mutation: Your mind is acute. (Int +4, Str/Dex -1) [a
                  | shining eye]
 41435 | Slime:4  | Gained mutation: You are very frail. (-20% HP) [a shining
                  | eye]
 41437 | Slime:4  | Gained mutation: [You occasionally lose the ability to read
                  | scrolls when taking damage.] [a shining eye]
 41443 | Slime:4  | Gained mutation: You are extremely frail. (-30% HP) [a
                  | shining eye]
 41661 | Slime:5  | Entered Level 5 of the Pits of Slime
 42215 | Vaults:1 | Entered Level 1 of the Vaults
 42234 | Vaults:1 | Reached skill level 21 in Fighting
 43646 | Vaults:1 | Reached skill level 15 in Armour
 44110 | Abyss:3  | Cast into level 3 of the Abyss (a wizard)
 44289 | Abyss:3  | HP: 4/133 [wretched star/lance of force (9)]
 44289 | Abyss:3  | Collided with a rock wall

Illustrated notes

Levels and vault maps discovered:
D:1:      scummos_arrival_forest, layout_basic, minmay_misc_feat_iff
D:2:      layout_loops_corners, ebering_ecumenical_altar_hall, uniq_natasha,
          uniq_jessica
D:3:      layout_basic, marbit_many_paths, mainiacjoe_overflow_six_doors_small,
          glass_columns_a, uniq_terence, uniq_crazy_yiuf_cottage
D:4:      layout_basic, serial_bayou_lagoon_b
D:5:      layout_basic, chei_slow_surprise, mainiacjoe_overflow_24_doors,
          grunt_tough_drop
D:6:      layout_cave_pools, minmay_misc_feat_tiny, uniq_edmund, uniq_sigmund,
          uniq_duvessa
D:7:      layout_cave_pods, amcnicky_altar_gilded, temple_hall, uniq_joseph,
          uniq_menkaure
D:8:      layout_loops_corners, old_standard_altar, enter_ossuary_3,
          uniq_maurice, uniq_pikel, uniq_maggie, uniq_grum
D:9:      layout_roguey, lemuel_doored_altar, kennysheep_mini, elyvilon_altar_3,
          nicolae_overflow_two_pavilions, uniq_amaemon
D:10:     layout_irregular_city, fedhas_bush_and_centaur_altar,
          dpeg_oklobed_lair, orc_0_dummy, serial_shops, nicolae_diamond_shop
D:11:     layout_stronghold, gauntlet_entry_generic,
          kennysheep_cross_bottleneck, minmay_misc_feat_x, uniq_josephine,
          uniq_lodul
D:12:     layout_rooms
D:13:     layout_irregular_city, grunt_dithmenos_smoke_and_mirrors
D:14:     dreamdust_isle_of_ice, layout_small_grid, david_vaults_3,
          vehumet_crystals
D:15:     gammafunk_enter_depths_forms, layout_long_grid, serial_demonic,
          serial_demonic_e, serial_demonic_a, serial_demonic_d,
          serial_demonic_a, serial_demonic_g, serial_demonic_f,
          serial_demonic_a, serial_bayou_pond_d, uniq_kirke
Lair:1:   layout_hall_layers, infiniplex_staircase_pool_2
Lair:2:   layout_cave_pods, dummy_snake_entry, nicolae_lair_grove_arrangements,
          serial_bayou_shore_b
Lair:3:   layout_concentric_octagons, nicolae_shoals_entry_flooding, uniq_nessos
Lair:4:   layout_regular_city, slime_entry_1
Lair:5:   hangedman_lair_caniforms_friends, layout_loops_ring
Shoals:1: cheibrodos_shoals_oceanic_diplomacy, layout_shoals,
          nicolae_shoals_beach_house_on_fowls_legs
Shoals:2: layout_shoals
Shoals:3: layout_shoals, serial_shops, shop
Shoals:4: shoals_end_grunt_ice, layout_shoals
Snake:1:  layout_onion, lemuel_fruit_tree, serial_bayou_shore_b, uniq_louise
Snake:2:  layout_chambers, serial_bayou_shore_b, serial_bayou_shore_b,
          grunt_megastairs_5
Snake:3:  layout_onion, nicolae_snake_gridmaze_swirls, library_closet
Snake:4:  johnstein_snake_rune_scales, layout_layer_cave, serial_shops, shop,
          statue_in_the_mist_lemuel, hangedman_snake_corridor_cut,
          grunt_megastairs_3, uniq_nikola
Slime:1:  layout_caves
Slime:2:  layout_caves
Slime:3:  layout_caves, cheibrodos_slime_lost_civilization_7
Slime:4:  layout_caves, basic_altar
Slime:5:  uniq_dissolution
Orc:1:    layout_caves, serial_shops, nicolae_diamond_shop, basic_altar,
          mines2_david
Orc:2:    pf_orc_diabolical, layout_diamond_mine, serial_shops,
          nicolae_shop_waterfront, shop, shop_statue, shop, shop, uniq_urug
Vaults:1: nicolae_vaults_little_squares_3, vaults_room_ringed_pool,
          hangedman_vaults_slither, nicolae_vaults_circle_grid_a,
          dpeg_vaults_monster_row, st_quartered_hall, vaults_dpeg_ring,
          vaults_room_pools, hangedman_vaults_unwind, nicolae_vaults_alarming,
          v_misc_12, vaults_standard_mumra_enter_the_diamond,
          hangedman_vaults_corner_blocks, vaults_dpeg_emergency_exit,
          layout_vaults_maze_snakey
Abyss:3:  base: D:15, nicolae_abyss_rune_left_handed,
          nicolae_abyss_rune_left_handed

Skill      XL: |  1  2  3  4  5  6  7  8  9 10 11 12 13 14 15 16 17 18 19 |
---------------+----------------------------------------------------------+-----
Long Blades    | 3 4 5 6 9 10 11 13 14 | 14.0
Armour         | 4 5 6 8 10 11 12 13 14 15 | 15.1
Fighting       | 4 8 9 10 12 14 15 17 18 19 20 21 | 21.5
Shields        | 4 5 6 7 8 9 10 12 14 16 17 | 17.3
Dodging        | 6 7 8 |  8.0
Invocations    | 7 8 9 10 11 12 13 14 15 16 17 18 | 18.5
Stealth        | 3 5 6 8 9 10 11 12 | 12.9
Evocations     | 1 2 |  2.1
Throwing       | 1 |  1.4

Action                     |  1- 3 |  4- 6 |  7- 9 | 10-12 | 13-15 | 16-18 | 19-21 || total
---------------------------+-------+-------+-------+-------+-------+-------+-------++-------
  Melee: Long sword        |    72 |    95 |   269 |   198 |       |       |       ||   634
         Headbutt          |    14 |    11 |    64 |   144 |   248 |   425 |   174 ||  1080
         Demon blade       |       |       |       |   391 |   980 |  1427 |   442 ||  3240
  Throw: Throwing net      |     5 |     1 |       |       |       |     1 |       ||     7
         Dart              |       |       |       |       |       |     9 |       ||     9
 Invoke: Stomp             |       |     1 |     3 |    18 |    40 |    26 |     4 ||    92
         Line Pass         |       |       |     2 |     2 |       |     1 |       ||     5
         Grand Finale      |       |       |       |     1 |     6 |     5 |     3 ||    15
Ability: Evoke Invisibilit |       |       |       |     1 |       |     1 |       ||     2
  Evoke: Wand              |       |       |       |    17 |    11 |    13 |     6 ||    47
    Use: Scroll            |     2 |     2 |     8 |    18 |    11 |     5 |     3 ||    49
         Potion            |       |     2 |     3 |     7 |     2 |    10 |     5 ||    29
   Stab: Paralysed         |       |       |    16 |    49 |   111 |   133 |    62 ||   371
         Sleeping          |       |       |     1 |     4 |     2 |       |       ||     7
         Distracted        |       |       |       |     2 |       |       |       ||     2
         Invisible         |       |       |       |     4 |       |    10 |       ||    14
 Armour: Scale mail        |    28 |    42 |    62 |       |       |       |       ||   132
         Leather armour    |       |       |    26 |    76 |       |       |       ||   102
         Chain mail        |       |       |       |   119 |    51 |       |       ||   170
         Crystal plate arm |       |       |       |       |   507 |   550 |    84 ||  1141
  Dodge: Dodged            |    33 |    36 |   136 |   286 |   327 |   138 |    47 ||  1003
  Block: Buckler           |    14 |    20 |    67 |   125 |   248 |       |       ||   474
         Tower shield      |       |       |       |       |    63 |  1572 |   413 ||  2048
         Reflection        |       |       |       |       |       |   132 |    15 ||   147

Table legend: (Time is in decaauts)
 A = Elapsed time spent in this place.
 B = Non-inter-level travel time spent in this place.
 C = Inter-level travel time spent in this place.
 D = Time resting spent in this place.
 E = Time spent auto-exploring this place.
 F = Levels seen in this place.
 G = Mean time per level.
                   A        B        C        D        E       F      G
               +--------+--------+--------+--------+--------+-----+--------+
         Total |  43725 |  41437 |   2288 |    238 |  34044 |  39 | 1121.2 |
       Dungeon |  16541 |  15528 |   1013 |    226 |  12997 |  15 | 1102.7 |
          Lair |   6331 |   5640 |    691 |      0 |   4848 |   5 | 1266.2 |
        Shoals |   7038 |   6856 |    182 |      0 |   5280 |   4 | 1759.5 |
     Snake Pit |   6876 |   6674 |    202 |      0 |   5721 |   4 | 1719.0 |
    Slime Pits |   2417 |   2317 |    100 |      0 |   1938 |   5 |  483.4 |
  Orcish Mines |   1428 |   1332 |     96 |      0 |    996 |   2 |  714.0 |
        Vaults |   1853 |   1853 |      0 |      0 |   1573 |   1 | 1853.0 |
         Abyss |    151 |    151 |      0 |     12 |      1 |   1 |  151.0 |
       Ossuary |    375 |    375 |      0 |      0 |    207 |   1 |  375.0 |
      Gauntlet |    712 |    712 |      0 |      0 |    481 |   1 |  712.0 |
               +--------+--------+--------+--------+--------+-----+--------+

Top non-repeatable levels by time:
 Snake:4: 2747 daAuts
Shoals:1: 2382 daAuts
 Snake:2: 1997 daAuts
    D:14: 1996 daAuts
Shoals:4: 1965 daAuts
Vaults:1: 1853 daAuts
    D:15: 1526 daAuts
Shoals:3: 1506 daAuts
    D:11: 1478 daAuts
  Lair:4: 1463 daAuts
  Lair:5: 1423 daAuts
     D:8: 1316 daAuts
    D:10: 1305 daAuts
  Lair:3: 1258 daAuts
     D:5: 1240 daAuts
